 Dungeon Sprint DCSS version 0.19-a0-473-g3ac10ee (webtiles) character file.

6646 Groucho the Severer (level 10, -2/79 HPs)
             Began as a Demonspawn Fighter on June 4, 2016.
             Was the Champion of Cheibriados.
             Killed from afar by a deep elf high priest (24 damage)
             ... with damnation
             ... in the Dungeon (Sprint V: "Ziggurat Sprint").
             The game lasted 00:04:44 (1733 turns).

Groucho the Severer (Demonspawn Fighter)            Turns: 1733, Time: 00:04:44

Health: -2/79      AC: 43    Str: 48    XL:     10   Next: 72%
Magic:  9/18       EV:  3    Int: 20    God:    Cheibriados [******]
Gold:   0          SH: 35    Dex: 29    Spells: 0 memorised, 9 levels left

rFire  + . .     SeeInvis +     G - +14 obsidian axe {chop, +Fly Str+3 SInv *Curse} (curse)
rCold  + + .     Gourm    .     H - +15 Maxwell's patent armour {-Cast -Tele rElec MR+ rCorr}
rNeg   + . .     Faith    .     I - +18 shield of the Gong {rElec rN+ MR+ EV-5}
rPois  +         Spirit   .     (helmet restricted)
rElec  +         Dismiss  .     Q - +2 cloak {rPois}
rCorr  +         Reflect  .     (no gloves)
SustAt .         Harm     .     (no boots)
MR     +++..     NoTele   +     K - amulet "Ysid Ulo" {RegenMP MR+}
Stlth  .......... NoCast   +    N - ring "Qohuopaen" {+Inv +Fly rF+ rC++ Int-4}
                                A - +6 ring of strength

@: mighty, sanguine armour, mesmerised, very slow, extremely resistant to
hostile enchantments, extremely unstealthy
A: antennae 1, demonic guardian 2, powered by pain 1, sanguine armour 2
a: Bend Time, Temporal Distortion, Slouch, Step From Time, Renounce Religion,
Evoke Invisibility, Evoke Flight


You were in the Dungeon.
You worshipped Cheibriados.
Cheibriados was exalted by your worship.
You were not hungry.

You visited 1 branch

Inventory:

Hand Weapons
 G - the cursed +14 obsidian axe (weapon) {chop, +Fly Str+3 SInv *Curse}
   (You found it in the Dungeon)

   It inflicts extra damage upon your enemies.
   It affects your strength (+3).
   It lets you see invisible.
   It lets you fly.
   It may re-curse itself when equipped.
   It has a curse placed upon it.
Armour
 a - a +5 gold dragon armour
 H - the +15 Maxwell's patent armour (worn) {-Cast -Tele rElec MR+ rCorr}
   (You found it in the Dungeon)

   It insulates you from electricity.
   It affects your resistance to hostile enchantments.
   It prevents spellcasting.
   It prevents most forms of teleportation.
   It protects you from acid and corrosion.
 I - the +18 shield of the Gong (worn) {rElec rN+ MR+ EV-5}
   (You found it in the Dungeon)

   It affects your evasion (-5).
   It insulates you from electricity.
   It protects you from negative energy.
   It affects your resistance to hostile enchantments.
 P - the +1 helmet "Ylil" {Str+2}
   (You found it in the Dungeon)

   It affects your strength (+2).
 Q - a +2 cloak of poison resistance (worn)
Jewellery
 w - an uncursed ring of protection from cold
 x - a +6 ring of dexterity
 y - a +6 ring of intelligence
 z - a +6 ring of intelligence
 A - a +6 ring of strength (left hand)
 B - a +6 ring of strength
 J - the ring "Adaol" {MR+ Int+9}
   (You found it in the Dungeon)

   [ring of protection from magic]

   It affects your intelligence (+9).
   It affects your resistance to hostile enchantments.
 K - the amulet "Ysid Ulo" (around neck) {RegenMP MR+}
   (You found it in the Dungeon)

   [amulet of magic regeneration]

   It increases your magic regeneration.
   It affects your resistance to hostile enchantments.
 N - the ring "Qohuopaen" (right hand) {+Inv +Fly rF+ rC++ Int-4}
   (You found it in the Dungeon)

   [ring of protection from fire]

   It affects your intelligence (-4).
   It protects you from fire.
   It greatly protects you from cold.
   It lets you turn invisible.
   It lets you fly.
 O - the ring "Jireff" {Wiz rElec MP+9 Str-3}
   (You found it in the Dungeon)

   [ring of wizardry]

   It improves your spell success rate.
   It affects your strength (-3).
   It insulates you from electricity.
   It affects your magic capacity (+9).
Wands
 C - a wand of disintegration (7/24)
 D - a wand of iceblast (5/15)
 E - a wand of lightning (5/15)
 F - a wand of acid (5/15)
Scrolls
 k - 4 scrolls of blinking
 o - 4 scrolls of amnesia
 p - 3 scrolls of recharging
 q - 7 scrolls of fog
 r - 5 scrolls of identify
 s - 5 scrolls of remove curse
 t - 2 scrolls of fear
 L - 4 scrolls of enchant armour
 M - 2 scrolls of brand weapon
Potions
 b - 2 potions of brilliance
 c - 2 potions of invisibility
 d - 6 potions of might
 e - 10 potions of curing
 g - 9 potions of heal wounds
 h - 6 potions of haste
 i - 7 potions of magic
 j - 3 potions of berserk rage
 l - 4 potions of resistance
 m - a potion of experience
 n - 5 potions of agility
Comestibles
 f - 5 bread rations
 u - 42 fruits
 v - 4 meat rations


   Skills:
 - Level 7.0 Fighting
 - Level 15.0 Axes
 * Level 12.5 Armour
 * Level 12.5 Shields
 - Level 11.9 Invocations


You had 9 spell levels left.
You didn't know any spells.

Dungeon Overview and Level Annotations

Branches:
Dungeon (1/1)

Altars:
Ashenzari
Cheibriados
Dithmenos
Elyvilon
Fedhas
Gozag
Hepliaklqana
Kikubaaqudgha
Makhleb
Nemelex Xobeh
Okawaru
Pakellas
Qazlal
Ru
Sif Muna
Trog
Uskayaw
Vehumet
Xom
Yredelemnul
Zin
The Shining One
Beogh
Jiyva
Lugonu


Innate Abilities, Weirdness & Mutations

You have a pair of small antennae on your head.
A demonic guardian rushes to your aid.
You sometimes gain a little power by taking damage.
When seriously injured, your bleeding wounds create thick armour. (AC +9)


Message History

The bolt of cold hits you! You resist.
You focus on the pain.
You feel very mighty all of a sudden.
Unknown command.
You can feel time thicken for a moment.
You kill the deep elf mage!
Cheibriados appreciates the change of pace.
You destroy the fire elemental!
You kill the deep elf mage!
Cheibriados appreciates the change of pace.
You feel somewhat more hungry.
Visions of slaying the deep elf high priest flood into your mind.
The deep elf mage seems less brilliant.
The deep elf archer seems less brilliant. x2
The deep elf mage casts a spell at you. The bolt of lightning hits you!
You resist.
* * * LOW HITPOINT WARNING * * *
The deep elf archer blinks!
You block the deep elf archer's attack.
PTOANNNG!
The deep elf high priest mumbles some strange prayers to its god against you.
The sphere of damnation explodes!
The damnation engulfs you!
You die...

▓▓▓▓▓▓▓▓▓▓▓▓▓▓▓▓▓▓▓
▓...8©8...▓...8©8...▓
▓.§:|[|)..▓..[)::=..▓
▓.§)))||..▓.....))..▓
▓.........▓.........▓
▓.........▓.........▓
▓...)e....▓.........▓
▓...))e...▓.........▓
▓....@e...▓.........▓
▓.▓....e▓.▓.........▓
▓........§▓▓▓▓▓▓▓▓▓▓▓
▓▓▓▓▓▓▓▓▓▓▓


You could see 2 deep elf archers, a deep elf high priest and a deep elf mage.

Vanquished Creatures
  A deep elf high priest (D)
  2 dancing weapons (D)
  4 deep elf magi (D)
  A smoke demon (D)
  An ancient zyme (D)
  A spriggan (D)
  2 small abominations (D)
  A naga (shapeshifter) (D)
  A giant eyeball (D)
  A swamp drake (shapeshifter) (D)
  An ice beast (shapeshifter) (D)
  2 eyes of draining (D)
  3 wolves (D)
  A jelly (D)
  A crimson imp (D)
  3 quasits (D)
  3 iron imps (D)
  3 river rats (D)
  3 shadow imps (D)
  A white imp (D)
  5 ufetubi (D)
  4 oozes (D)
  A jackal (D)
46 creatures vanquished.

Vanquished Creatures (collateral kills)
  4 merfolk (D)
  A spriggan (D)
  A black bear (D)
  A wasp (D)
  An eye of draining (D)
  A jelly (D)
  A shadow imp (D)
  A white imp (D)
  2 ufetubi (D)
  An ooze (D)
14 creatures vanquished.

Vanquished Creatures (others)
  A deep elf knight (D)
1 creature vanquished.

Grand Total: 61 creatures vanquished

Notes
Turn   | Place    | Note
--------------------------------------------------------------
     0 | D        | Groucho the Demonspawn Fighter began the quest for the Orb.
     0 | D        | Reached XP level 1. HP: 18/18 MP: 1/1
    20 | D        | Found a blossoming altar of Fedhas.
    20 | D        | Found a snail-covered altar of Cheibriados.
    20 | D        | Found a viscous altar of Jiyva.
    20 | D        | Found a roughly hewn altar of Beogh.
    20 | D        | Found a corrupted altar of Lugonu.
    21 | D        | Found a white marble altar of Elyvilon.
    21 | D        | Found a shimmering altar of Xom.
    23 | D        | Found a deep blue altar of Sif Muna.
    23 | D        | Found a burning altar of Makhleb.
    23 | D        | Found a bloodstained altar of Trog.
    23 | D        | Found an iron altar of Okawaru.
    23 | D        | Found a sparkling altar of Nemelex Xobeh.
    23 | D        | Found a radiant altar of Vehumet.
    60 | D        | Became a worshipper of Cheibriados the Contemplative
    89 | D        | Entered arena 1.
    89 | D        | Noticed a deep elf mage
    89 | D        | Noticed a deep elf mage
    90 | D        | Noticed a red devil
    93 | D        | Killed a deep elf mage
    93 | D        | Reached skill level 10 in Invocations
    93 | D        | Gained mutation: A weak demonic guardian rushes to your aid. [demonic ancestry]
    93 | D        | Reached XP level 2. HP: 21/24 MP: 1/8
    93 | D        | Reached XP level 3. HP: 25/29 MP: 1/9
    93 | D        | Gained mutation: You sometimes gain a little power by taking damage. [demonic ancestry]
    93 | D        | Reached XP level 4. HP: 30/35 MP: 1/11
    93 | D        | Gained mutation: When seriously injured, your bleeding wounds create armour. (AC +9) [demonic ancestry]
    93 | D        | Reached XP level 5. HP: 36/41 MP: 1/12
    93 | D        | Gained mutation: When seriously injured, your bleeding wounds create thick armour. (AC +9) [demonic ancestry]
    93 | D        | Reached XP level 6. HP: 41/47 MP: 1/13
    96 | D        | Killed a deep elf mage
    96 | D        | Reached XP level 7. HP: 46/52 MP: 1/15
   389 | D        | Entered arena 2.
   395 | D        | Reached * piety under Cheibriados
   397 | D        | Reached ** piety under Cheibriados
   397 | D        | Reached skill level 10 in Armour
   403 | D        | Got the ring "Adaol" {MR+ Int+9}
   728 | D        | Entered arena 3.
   730 | D        | Reached skill level 10 in Shields
   731 | D        | Reached *** piety under Cheibriados
   732 | D        | Gained mutation: A demonic guardian rushes to your aid. [demonic ancestry]
   732 | D        | Reached XP level 8. HP: 58/58 MP: 16/16
   738 | D        | Entered arena 4.
   738 | D        | Noticed a merfolk
   738 | D        | Noticed a merfolk
   738 | D        | Noticed a merfolk
   738 | D        | Noticed a merfolk
   741 | D        | Killed a merfolk
   741 | D        | Reached skill level 3 in Axes
   743 | D        | Killed a merfolk
   743 | D        | Reached **** piety under Cheibriados
   746 | D        | Killed a merfolk
   746 | D        | Reached skill level 5 in Fighting
   746 | D        | Reached skill level 4 in Axes
   748 | D        | Killed a merfolk
   748 | D        | Reached ***** piety under Cheibriados
   748 | D        | Reached skill level 5 in Axes
   756 | D        | Got the amulet "Ysid Ulo" {RegenMP MR+}
   918 | D        | Entered arena 5.
   922 | D        | Reached skill level 6 in Axes
   932 | D        | Entered arena 6.
   936 | D        | Reached skill level 7 in Axes
   937 | D        | Reached ****** piety under Cheibriados
   939 | D        | Reached skill level 8 in Axes
   942 | D        | Reached skill level 9 in Axes
   942 | D        | Reached XP level 9. HP: 72/72 MP: 1/17
  1085 | D        | Entered arena 7.
  1085 | D        | Noticed a spriggan rider
  1086 | D        | Reached skill level 10 in Axes
  1086 | D        | Reached skill level 11 in Axes
  1086 | D        | Reached skill level 12 in Axes
  1087 | D        | Reached skill level 13 in Axes
  1097 | D        | Entered arena 8.
  1097 | D        | Noticed an ancient zyme
  1101 | D        | Killed an ancient zyme
  1101 | D        | Reached skill level 14 in Axes
  1113 | D        | Got the ring "Qohuopaen" {+Inv +Fly rF+ rC++ Int-4}
  1423 | D        | Entered arena 9.
  1435 | D        | Got the ring "Jireff" {Wiz rElec MP+9 Str-3}
  1598 | D        | Entered arena 10.
  1598 | D        | Noticed a smoke demon
  1605 | D        | Killed a smoke demon
  1606 | D        | Reached skill level 15 in Axes
  1612 | D        | Got the +1 helmet "Ylil" {Str+2}
  1728 | D        | Entered arena 11.
  1728 | D        | Noticed a deep elf mage
  1728 | D        | Noticed a deep elf archer
  1728 | D        | Noticed a deep elf high priest
  1728 | D        | Noticed a deep elf high priest
  1728 | D        | Noticed a flail of protection
  1729 | D        | Noticed a deep elf knight
  1729 | D        | Noticed a deep elf archer
  1729 | D        | Noticed a deep elf mage
  1730 | D        | Noticed a deep elf mage
  1730 | D        | Noticed a mace of holy wrath
  1732 | D        | Killed a flail of protection
  1732 | D        | Gained mutation: You have a pair of small antennae on your head. [demonic ancestry]
  1732 | D        | Reached XP level 10. HP: 44/79 MP: 18/18
  1732 | D        | Killed a mace of holy wrath
  1732 | D        | Killed a deep elf high priest
  1732 | D        | Killed a deep elf knight
  1733 | D        | Killed a deep elf mage
  1733 | D        | Killed a deep elf mage
  1733 | D        | Killed from afar by a deep elf high priest

Vault maps used:
D:        sprint_v

Skill      XL: |  1  2  3  4  5  6  7  8  9 10 |
---------------+-------------------------------+-----
Armour         | 8 9 10 12 | 12.5
Shields        | 8 9 10 12 | 12.5
Invocations    | 10 11 | 11.9
Fighting       | 7 |  7.0
Axes           | 9 15 | 15.0

Action                   |  1- 3 |  4- 6 |  7- 9 | 10-12 || total
-------------------------+-------+-------+-------+-------++-------
Melee: Broad axe         |     3 |     3 |    39 |       ||    45
Invok: Slouch            |       |       |     1 |     2 ||     3
  Use: Potion            |       |       |     1 |       ||     1
 Stab: Distracted        |       |       |     1 |       ||     1
Armor: Plate armour      |     4 |     1 |    33 |       ||    38
Dodge: Dodged            |       |       |     5 |       ||     5
Block: Shield            |     5 |     2 |    89 |     1 ||    97
